Senators vs Demolitions (R2)

Created - November 20, 2017 at 19:01

Goals
1 2 3 T
Senators 0 2 1 3
Demolitions 0 0 2 2
Shots
1 2 3 T
Senators 13 14 9 36
Demolitions 8 8 9 25

1st period

No Goal

Penalties :
Seth Helgeson (Vic) for Hooking (Minor) at 6:18, Darren Helm (Vic) for Hooking (Minor) at 9:49, Shane Sims (BIN) for Cross-checking (Minor) at 16:29

2nd period

1. Senators , Chris Thorburn 13 (Gabriel Landeskog 9, Tommy Wingels 10) at 14:03 (PP)
2. Senators , Gabriel Landeskog 7 (Jeff Petry 2, Patrick Bordeleau 3) at 19:01

Penalties :
Corban Knight (Vic) for Roughing (Minor) at 0:58, Mike Sauer (Vic) for High sticking (Minor) at 11:46, Nicolas Blanchard (Vic) for Holding (Minor) at 13:52, Ryan Bayda (Vic) for Tripping (Minor) at 14:30

3rd period

3. Demolitions , Nicolas Blanchard 4 (Jack Skille 7, Seth Helgeson 2) at 2:29
4. Senators , Gabriel Bourque 11 (Nick Bjugstad 9) at 8:56
5. Demolitions , Ryan Bayda 19 (Darren Helm 24, Erik Condra 7) at 12:46 (PP)

Penalties :
Ryan Bayda (Vic) for High sticking (Minor) at 0:11, Chris Thorburn (BIN) for Holding (Minor) at 2:40, Tommy Wingels (BIN) for Interference (Minor) at 11:40, Chris Thorburn (BIN) for Interference (Minor) at 13:09, Ryan Olsen (Vic) for Hooking (Minor) at 16:11

Goalie Stats

Brad Thiessen (BIN), 23 saves from 25 shots - (0.920), W, 8-2-0, 60:00 minutes
Joe Cannata (Vic), 33 saves from 36 shots - (0.917), L, 2-5-2, 59:57 minutes

Players Stats for Senators

Player Name              G  A  P  +/- PIM S  H  SB GA TA FO     MP     PP MP  PK MP  
------------------------------------------------------------------------------------
Chandler Stephenson      0  0  0   0  0   0  0  0  0  0  0/0     0:24   0:08   0:00 
Chris Thorburn           1  0  1   1  4   5  2  0  4  0  2/2    20:58   7:44   0:28 
Dylan Blujus             0  0  0   0  0   0  0  1  0  0  0/0     2:47   0:00   0:11 
Gabriel Bourque          1  0  1   1  0   2  1  0  0  0  0/0    19:46   6:12   3:52 
Gabriel Landeskog        1  1  2   1  0   5  1  1  0  0  2/10   24:30   7:52   4:01 
Jeff Petry               0  1  1   0  0   1  0  0  0  0  0/0    21:09   5:09   3:06 
Keegan Lowe              0  0  0   0  0   0  0  0  0  0  0/0     2:36   0:00   0:00 
Logan Stephenson         0  0  0   1  0   2  0  3  0  0  0/0    28:06   8:55   3:57 
Marc-André Bernier       0  0  0  -1  0   4  0  2  1  0  1/1     9:36   0:00   0:00 
Martin Marincin          0  0  0   0  0   1  0  0  0  0  0/0     8:09   0:00   0:00 
Matt Frattin             0  0  0   1  0   3  1  0  0  0  1/2    16:10   6:12   0:00 
Nick Bjugstad            0  1  1   1  0   2  2  0  0  0  9/10   16:10   6:12   0:00 
Nicolas Deslauriers      0  0  0   0  0   1  0  2  0  0  0/0    10:39   0:00   0:59 
Patrick Bordeleau        0  1  1  -1  0   2  1  0  0  0  0/0     9:36   0:00   0:00 
Patrick Wey              0  0  0   1  0   1  2  3  0  0  0/0    28:06   8:55   3:57 
Phil Di Giuseppe         0  0  0   0  0   0  0  0  0  0  0/0     0:43   0:08   0:00 
Rocco Grimaldi           0  0  0   0  0   0  0  0  0  0  0/0     2:12   0:00   1:48 
Ryan Dzingel             0  0  0   0  0   1  1  0  0  0  0/0     7:15   0:00   1:00 
Shane Prince             0  0  0   0  0   0  0  0  0  0  1/1     6:15   0:00   0:00 
Shane Sims               0  0  0   0  2   2  3  2  1  0  0/0    18:27   5:09   1:56 
Tomas Jurco              0  0  0   0  0   2  0  0  0  1  0/0     6:15   0:00   0:00 
Tommy Wingels            0  1  1   1  2   2  3  0  0  1  21/33  22:03   7:44   1:35 
Zemgus Girgensons        0  0  0  -1  0   0  0  0  0  0  3/9    11:01   0:00   1:22 

Players Stats for Demolitions

Player Name              G  A  P  +/- PIM S  H  SB GA TA FO     MP     PP MP  PK MP  
------------------------------------------------------------------------------------
Alex Hutchings           0  0  0   0  0   0  0  0  0  0  0/0     4:38   0:32   2:34 
Andrew Campbell          0  0  0   1  0   0  0  1  1  0  0/0    21:22   2:38   6:14 
Billy Sweat              0  0  0   0  0   1  0  0  0  0  0/2     7:49   0:00   0:00 
Brandon McMillan         0  0  0   0  0   1  1  0  0  0  2/2     5:49   0:00   0:00 
Cameron Schilling        0  0  0  -1  0   2  2  1  1  3  0/0    29:23   4:25   7:30 
Corban Knight            0  0  0   0  2   0  2  0  0  0  3/6    10:23   0:32   1:27 
Darren Helm              0  1  1   0  2   2  1  0  0  1  16/37  26:33   4:06   6:06 
Erik Condra              0  1  1   0  0   1  4  0  0  0  0/2    19:03   4:06   4:23 
Frazer Mclaren           0  0  0  -1  0   1  2  0  0  0  0/0    16:01   2:25   0:00 
Jack Skille              0  1  1  -1  0   9  3  1  0  0  0/0    20:58   2:25   4:23 
Josh Beaulieu            0  0  0   0  0   0  0  0  0  0  0/0     2:57   0:32   0:00 
Mike Sauer               0  0  0  -1  2   0  0  1  0  1  0/0    26:49   4:25   6:12 
Mitchell Moroz           0  0  0   0  0   0  0  0  0  0  0/0     0:00   0:00   0:00 
Nick Pryor               0  0  0   0  0   0  0  0  0  0  0/0     2:33   0:00   0:56 
Nicolas Blanchard        1  0  1  -1  2   3  2  0  0  0  6/14   16:00   2:25   0:00 
Robert Bortuzzo          0  0  0  -1  0   0  0  2  0  0  0/0     8:44   0:00   0:00 
Ryan Bayda               1  0  1   0  4   2  2  1  0  1  0/1    24:05   4:06   5:09 
Ryan Olsen               0  0  0   0  2   0  0  0  0  0  0/0     0:54   0:00   0:00 
Ryan Russell             0  0  0   0  0   3  1  0  0  0  1/1     5:49   0:00   0:00 
Seth Helgeson            0  1  1   1  2   0  3  2  0  0  0/0    20:29   2:38   5:22 
Taylor Aronson           0  0  0  -1  0   0  0  1  0  0  0/0    10:38   0:00   1:54 
Taylor Leier             0  0  0   0  0   0  0  0  0  0  0/0     0:00   0:00   0:00 
Vince Rocco              0  0  0   0  0   0  0  0  0  0  0/3     4:51   0:00   4:06 

3 Stars

1 - Gabriel Landeskog (BIN)
2 - Gabriel Bourque (BIN)
3 - Nick Bjugstad (BIN)

Power Play

Senators - 1 on 8 Attempt(s) - 12.50%
Demolitions - 1 on 4 Attempt(s) - 25.00%

Penalty Kill

Senators - 3 on 4 Attempt(s) - 75.00% - Score 0 goal in Penalty Kill
Demolitions - 7 on 8 Attempt(s) - 87.50% - Score 0 goal in Penalty Kill

Team Stat

Senators - Hits : 17 - Faceoff Wins : 40 - Blocked Shots : 14 - Penalty Minutes : 8
Demolitions - Hits : 23 - Faceoff Wins : 28 - Blocked Shots : 10 - Penalty Minutes : 16

Official

Referees : Watson Brad and O'Rourke Dan
Linesman : Jonny Murray and Derek Amell

Game Notes

12:46 of 3rd period - Demolitions goal is going for a video replay. After video review, Goal.

Finance

Level 1 -- Attendance: 1534 (76.70%) -- Ticket Income $61,360
Level 2 -- Attendance: 689 (68.90%) -- Ticket Income $13,780
Total Attendance: 2223 (74.10%)
Total Ticket Income: $75,140
Other Income: $3,757
Total Income: $78,897

Senators

5 vs 5 Forward 
   Center                   Left Wing                Right Wing               Time % Phy DF OF 
 1 Tommy Wingels            Gabriel Landeskog        Chris Thorburn           40     1   2  2  
 2 Nick Bjugstad            Gabriel Bourque          Matt Frattin             30     1   2  2  
 3 Zemgus Girgensons        Patrick Bordeleau        Marc-André Bernier       20     1   2  2  
 4 Shane Prince             Ryan Dzingel             Tomas Jurco              10     1   2  2  

5 vs 5 Defense 
   Defense                  Defense                                           Time % Phy DF OF 
 1 Logan Stephenson         Patrick Wey                                       40     1   2  2  
 2 Shane Sims               Jeff Petry                                        30     1   2  2  
 3 Martin Marincin          Nicolas Deslauriers                               20     1   2  2  
 4 Dylan Blujus             Keegan Lowe                                       10     1   2  2  

PowerPlay Forward 
   Center                   Left Wing                Right Wing               Time % Phy DF OF 
 1 Tommy Wingels            Gabriel Landeskog        Chris Thorburn           60     1   2  2  
 2 Nick Bjugstad            Gabriel Bourque          Matt Frattin             40     1   2  2  

PowerPlay Defense
   Defense                  Defense                                           Time % Phy DF OF 
 1 Logan Stephenson         Patrick Wey                                       60     1   2  2  
 2 Shane Sims               Jeff Petry                                        40     1   2  2  

Penalty Kill 4 Players Forward 
   Center                   Wing                     Time % Phy DF OF 
 1 Gabriel Landeskog        Gabriel Bourque          60     1   2  2  
 2 Chris Thorburn           Tommy Wingels            40     1   2  2  

Penalty Kill 4 Players Defense
   Defense                  Defense                  Time % Phy DF OF 
 1 Logan Stephenson         Patrick Wey              60     1   2  2  
 2 Shane Sims               Jeff Petry               40     1   2  2  

Penalty Kill - 3 Players Forward 
   Forward                                           Time % Phy DF OF 
 1 Gabriel Landeskog                                 60     1   2  2  
 2 Gabriel Bourque                                   40     1   2  2  

Penalty Kill - 3 Players Defense
   Defense                  Defense                  Time % Phy DF OF 
 1 Logan Stephenson         Patrick Wey              60     1   2  2  
 2 Shane Sims               Jeff Petry               40     1   2  2  

4 vs 4 Forward 
   Center                   Wing                     Time % Phy DF OF 
 1 Gabriel Landeskog        Gabriel Bourque          60     1   2  2  
 2 Chris Thorburn           Tommy Wingels            40     1   2  2  

4 vs 4 Defense
   Defense                  Defense                  Time % Phy DF OF 
 1 Logan Stephenson         Patrick Wey              60     1   2  2  
 2 Shane Sims               Jeff Petry               40     1   2  2  

Last Minutes Offensive
   Center                   Left Wing                Right Wing               Defense                  Defense                  
   Tommy Wingels            Gabriel Landeskog        Chris Thorburn           Logan Stephenson         Patrick Wey              

Last Minutes Defensive
   Center                   Left Wing                Right Wing               Defense                  Defense                  
   Tommy Wingels            Gabriel Landeskog        Chris Thorburn           Logan Stephenson         Patrick Wey              

Goaltenders
Starting : Brad Thiessen            
Backup : Ben Bishop               

Extra Forwards
Normal : Phil Di Giuseppe, Chandler Stephenson, Rocco Grimaldi - PP : Phil Di Giuseppe, Chandler Stephenson - PK : Rocco Grimaldi
Extra Defensemen
Normal : Martin Marincin, Nicolas Deslauriers, Dylan Blujus - PP : Martin Marincin - PK : Nicolas Deslauriers, Dylan Blujus
Penalty Shots
Gabriel Landeskog, Gabriel Bourque, Chris Thorburn, Tommy Wingels, Nick Bjugstad

Scratches
Matt Tomkins (Healthy)

Demolitions

5 vs 5 Forward 
   Center                   Left Wing                Right Wing               Time % Phy DF OF 
 1 Darren Helm              Ryan Bayda               Erik Condra              40     1   2  2  
 2 Nicolas Blanchard        Frazer Mclaren           Jack Skille              30     1   2  2  
 3 Corban Knight            Billy Sweat              Darren Helm              20     1   2  2  
 4 Brandon McMillan         Ryan Russell             Ryan Bayda               10     1   2  2  

5 vs 5 Defense 
   Defense                  Defense                                           Time % Phy DF OF 
 1 Cameron Schilling        Mike Sauer                                        40     1   2  2  
 2 Seth Helgeson            Andrew Campbell                                   30     1   2  2  
 3 Robert Bortuzzo          Taylor Aronson                                    20     1   2  2  
 4 Nick Pryor               Cameron Schilling                                 10     1   2  2  

PowerPlay Forward 
   Center                   Left Wing                Right Wing               Time % Phy DF OF 
 1 Darren Helm              Ryan Bayda               Erik Condra              60     1   2  2  
 2 Nicolas Blanchard        Frazer Mclaren           Jack Skille              40     1   2  2  

PowerPlay Defense
   Defense                  Defense                                           Time % Phy DF OF 
 1 Cameron Schilling        Mike Sauer                                        60     1   2  2  
 2 Seth Helgeson            Andrew Campbell                                   40     1   2  2  

Penalty Kill 4 Players Forward 
   Center                   Wing                     Time % Phy DF OF 
 1 Darren Helm              Ryan Bayda               60     1   2  2  
 2 Erik Condra              Jack Skille              40     1   2  2  

Penalty Kill 4 Players Defense
   Defense                  Defense                  Time % Phy DF OF 
 1 Cameron Schilling        Mike Sauer               60     1   2  2  
 2 Seth Helgeson            Andrew Campbell          40     1   2  2  

Penalty Kill - 3 Players Forward 
   Forward                                           Time % Phy DF OF 
 1 Darren Helm                                       60     1   2  2  
 2 Ryan Bayda                                        40     1   2  2  

Penalty Kill - 3 Players Defense
   Defense                  Defense                  Time % Phy DF OF 
 1 Cameron Schilling        Mike Sauer               60     1   2  2  
 2 Seth Helgeson            Andrew Campbell          40     1   2  2  

4 vs 4 Forward 
   Center                   Wing                     Time % Phy DF OF 
 1 Darren Helm              Ryan Bayda               60     1   2  2  
 2 Erik Condra              Jack Skille              40     1   2  2  

4 vs 4 Defense
   Defense                  Defense                  Time % Phy DF OF 
 1 Cameron Schilling        Mike Sauer               60     1   2  2  
 2 Seth Helgeson            Andrew Campbell          40     1   2  2  

Last Minutes Offensive
   Center                   Left Wing                Right Wing               Defense                  Defense                  
   Darren Helm              Ryan Bayda               Erik Condra              Cameron Schilling        Mike Sauer               

Last Minutes Defensive
   Center                   Left Wing                Right Wing               Defense                  Defense                  
   Darren Helm              Ryan Bayda               Erik Condra              Cameron Schilling        Mike Sauer               

Goaltenders
Starting : Joe Cannata              
Backup : Olivier Roy              

Extra Forwards
Normal : Josh Beaulieu, Alex Hutchings, Vince Rocco - PP : Josh Beaulieu, Alex Hutchings - PK : Vince Rocco
Extra Defensemen
Normal : Robert Bortuzzo, Taylor Aronson, Nick Pryor - PP : Robert Bortuzzo - PK : Taylor Aronson, Nick Pryor
Penalty Shots
Darren Helm, Ryan Bayda, Erik Condra, Jack Skille, Frazer Mclaren

Scratches
Thomas DiPauli (Healthy), Martins Karsums (Healthy), Bobby Butler (Healthy), Brendon Nash (Healthy), Jake Paterson (Healthy)
Jussi Rynnas (Healthy)

% Time on Ice - Senators

Lines # - Real PCT - Wanted PCT - Time Play
Normal Forward
1 - 30% - 40% - 11:25
2 - 28% - 30% - 10:22
3 - 26% - 20% - 9:36
4 - 17% - 10% - 6:15
Normal Defense
1 - 37% - 40% - 13:59
2 - 34% - 30% - 12:54
3 - 22% - 20% - 8:09
4 - 7% - 10% - 2:36
PP Forward
1 - 56% - 60% - 7:52
2 - 44% - 40% - 6:12
PP Defense
1 - 63% - 60% - 8:55
2 - 37% - 40% - 5:09
PK Forward
1 - 78% - 60% - 5:28
2 - 22% - 40% - 1:35
PK Defense
1 - 56% - 60% - 3:57
2 - 44% - 40% - 3:06
PK3 Forward
1 - 0% - 60%
2 - 0% - 40%
PK3 Defense
1 - 0% - 60%
2 - 0% - 40%
44 Forward
1 - 0% - 60%
2 - 0% - 40%
44 Defense
1 - 0% - 60%
2 - 0% - 40%
Last Minute Offensive  - 0:00
Last Minute Defensive  - 1:15
Total
Forward - 60:00
Defense - 60:00

% Time on Ice - Demolitions

Lines # - Real PCT - Wanted PCT - Time Play
Normal Forward
1 - 24% - 40% - 9:10
2 - 39% - 30% - 14:50
3 - 21% - 20% - 7:49
4 - 15% - 10% - 5:49
Normal Defense
1 - 39% - 40% - 14:51
2 - 34% - 30% - 12:41
3 - 23% - 20% - 8:44
4 - 4% - 10% - 1:22
PP Forward
1 - 66% - 60% - 4:38
2 - 34% - 40% - 2:25
PP Defense
1 - 63% - 60% - 4:25
2 - 37% - 40% - 2:38
PK Forward
1 - 69% - 60% - 9:41
2 - 31% - 40% - 4:23
PK Defense
1 - 53% - 60% - 7:30
2 - 47% - 40% - 6:34
PK3 Forward
1 - 0% - 60%
2 - 0% - 40%
PK3 Defense
1 - 0% - 60%
2 - 0% - 40%
44 Forward
1 - 0% - 60%
2 - 0% - 40%
44 Defense
1 - 0% - 60%
2 - 0% - 40%
Last Minute Offensive  - 1:15
Last Minute Defensive  - 0:00
Total
Forward - 60:00
Defense - 60:00

Play by Play

1st period


0:01 of 1st period - Tommy Wingels wins face-off versus Darren Helm in neutral zone.
0:37 of 1st period - Snap shot by Jack Skille.
0:37 of 1st period - Stopped by Brad Thiessen without a rebound.
0:38 of 1st period - Corban Knight wins face-off versus Zemgus Girgensons in Senators zone.
0:52 of 1st period - Wrist shot by Billy Sweat.
0:52 of 1st period - Shot Blocked by Marc-André Bernier.
1:08 of 1st period - Wrist shot by Nicolas Blanchard.
1:08 of 1st period - Shot Blocked by Shane Sims.
1:18 of 1st period - Slapshot by Shane Sims.
1:18 of 1st period - Shot Blocked by Robert Bortuzzo.
1:39 of 1st period - Jeff Petry is hit by Nicolas Blanchard and loses puck.
1:51 of 1st period - Icing by Nicolas Blanchard.
1:52 of 1st period - Nicolas Blanchard wins face-off versus Tommy Wingels in Demolitions zone.
2:07 of 1st period - Snap shot by Chris Thorburn.
2:07 of 1st period - Shot Blocked by Robert Bortuzzo.
2:14 of 1st period - Icing by Nicolas Blanchard.
2:15 of 1st period - Nick Bjugstad wins face-off versus Nicolas Blanchard in Demolitions zone.
2:30 of 1st period - Taylor Aronson is hit by Patrick Wey and loses puck.
3:27 of 1st period - Brandon McMillan is hit by Gabriel Bourque.
4:41 of 1st period - Icing by Mike Sauer.
4:42 of 1st period - Matt Frattin wins face-off versus Billy Sweat in Demolitions zone.
5:23 of 1st period - Wrist shot by Tommy Wingels.
5:23 of 1st period - Shot Blocked by Seth Helgeson.
5:25 of 1st period - Slapshot by Patrick Wey.
5:25 of 1st period - Stopped by Joe Cannata with a rebound.
5:27 of 1st period - Wrist shot by Gabriel Landeskog.
5:27 of 1st period - Shot Misses the Net.
5:29 of 1st period - Snap shot by Gabriel Landeskog.
5:29 of 1st period - Shot Misses the Net.
5:31 of 1st period - Slapshot by Logan Stephenson.
5:31 of 1st period - Shot Misses the Net.
5:41 of 1st period - Nicolas Deslauriers is hit by Brandon McMillan and loses puck.
6:18 of 1st period - Minor Penalty to Seth Helgeson for Hooking.
6:19 of 1st period - Darren Helm wins face-off versus Tommy Wingels in Demolitions zone.
6:49 of 1st period - Slapshot by Cameron Schilling.
6:49 of 1st period - Shot Misses the Net.
7:01 of 1st period - Backhand shot by Jack Skille.
7:01 of 1st period - Stopped by Brad Thiessen with a rebound.
8:18 of 1st period - Penalty to Seth Helgeson is over, Seth Helgeson is back on ice.
8:47 of 1st period - Slapshot by Ryan Russell.
8:47 of 1st period - Shot Misses the Net.
8:49 of 1st period - Snap shot by Ryan Russell.
8:49 of 1st period - Stopped by Brad Thiessen without a rebound.
8:50 of 1st period - Brandon McMillan wins face-off versus Zemgus Girgensons in Senators zone.
8:57 of 1st period - Wrist shot by Brandon McMillan.
8:57 of 1st period - Deflect By Ryan Russell.
8:57 of 1st period - Stopped by Brad Thiessen with a rebound.
8:59 of 1st period - Slapshot by Brandon McMillan.
8:59 of 1st period - Stopped by Brad Thiessen without a rebound.
9:00 of 1st period - Darren Helm wins face-off versus Tommy Wingels in Senators zone.
9:05 of 1st period - Snap shot by Ryan Bayda.
9:05 of 1st period - Shot Misses the Net.
9:15 of 1st period - Wrist shot by Gabriel Landeskog.
9:15 of 1st period - Stopped by Joe Cannata with a rebound.
9:49 of 1st period - Minor Penalty to Darren Helm for Hooking.
9:50 of 1st period - Tommy Wingels wins face-off versus Vince Rocco in Demolitions zone.
10:01 of 1st period - Wrist shot by Gabriel Landeskog.
10:01 of 1st period - Shot Misses the Net.
10:03 of 1st period - Wrist shot by Chris Thorburn.
10:03 of 1st period - Stopped by Joe Cannata without a rebound.
10:04 of 1st period - Tommy Wingels wins face-off versus Vince Rocco in Demolitions zone.
10:34 of 1st period - Snap shot by Matt Frattin.
10:34 of 1st period - Stopped by Joe Cannata with a rebound.
10:52 of 1st period - Seth Helgeson is hit by Tommy Wingels and loses puck.
11:37 of 1st period - Gabriel Bourque is hit by Cameron Schilling.
11:49 of 1st period - Penalty to Darren Helm is over, Darren Helm is back on ice.
12:09 of 1st period - Snap shot by Nicolas Blanchard.
12:09 of 1st period - Stopped by Brad Thiessen with a rebound.
12:20 of 1st period - Off-side.
12:21 of 1st period - Corban Knight wins face-off versus Zemgus Girgensons in neutral zone.
12:48 of 1st period - Icing by Matt Frattin.
12:49 of 1st period - Nick Bjugstad wins face-off versus Nicolas Blanchard in Senators zone.
13:04 of 1st period - Snap shot by Jack Skille.
13:04 of 1st period - Stopped by Brad Thiessen with a rebound.
13:20 of 1st period - Wrist shot by Tommy Wingels.
13:20 of 1st period - Stopped by Joe Cannata with a rebound.
13:22 of 1st period - Wrist shot by Gabriel Landeskog.
13:22 of 1st period - Stopped by Joe Cannata without a rebound.
13:23 of 1st period - Darren Helm wins face-off versus Tommy Wingels in Demolitions zone.
13:23 of 1st period - Darren Helm is hit by Chris Thorburn.
13:33 of 1st period - Slapshot by Chris Thorburn.
13:33 of 1st period - Stopped by Joe Cannata with a rebound.
13:35 of 1st period - Wrist shot by Chris Thorburn.
13:35 of 1st period - Stopped by Joe Cannata with a rebound.
13:37 of 1st period - Snap shot by Tommy Wingels.
13:37 of 1st period - Shot Blocked by Seth Helgeson.
13:39 of 1st period - Snap shot by Tommy Wingels.
13:39 of 1st period - Stopped by Joe Cannata without a rebound.
13:40 of 1st period - Nick Bjugstad wins face-off versus Nicolas Blanchard in Demolitions zone.
13:45 of 1st period - Slapshot by Gabriel Bourque.
13:45 of 1st period - Shot Blocked by Mike Sauer.
13:47 of 1st period - Snap shot by Matt Frattin.
13:47 of 1st period - Stopped by Joe Cannata without a rebound.
13:48 of 1st period - Nick Bjugstad wins face-off versus Nicolas Blanchard in Demolitions zone.
14:08 of 1st period - Snap shot by Gabriel Bourque.
14:08 of 1st period - Stopped by Joe Cannata with a rebound.
14:28 of 1st period - Wrist shot by Gabriel Bourque.
14:28 of 1st period - Shot Misses the Net.
14:30 of 1st period - Snap shot by Nick Bjugstad.
14:30 of 1st period - Shot Misses the Net.
15:34 of 1st period - Slapshot by Nick Bjugstad.
15:34 of 1st period - Stopped by Joe Cannata without a rebound.
15:35 of 1st period - Tommy Wingels wins face-off versus Darren Helm in Demolitions zone.
16:01 of 1st period - Seth Helgeson is hit by Patrick Bordeleau and loses puck.
16:22 of 1st period - Snap shot by Ryan Russell.
16:22 of 1st period - Stopped by Brad Thiessen without a rebound.
16:23 of 1st period - Brandon McMillan wins face-off versus Tommy Wingels in Senators zone.
16:29 of 1st period - Minor Penalty to Shane Sims for Cross-checking.
16:30 of 1st period - Darren Helm wins face-off versus Gabriel Landeskog in Senators zone.
16:40 of 1st period - Snap shot by Ryan Bayda.
16:40 of 1st period - Shot Misses the Net.
16:42 of 1st period - Slapshot by Seth Helgeson.
16:42 of 1st period - Shot Blocked by Nicolas Deslauriers.
18:01 of 1st period - Gabriel Landeskog is hit by Cameron Schilling and loses puck.
18:29 of 1st period - Penalty to Shane Sims is over, Shane Sims is back on ice.
19:03 of 1st period - Wrist shot by Ryan Dzingel.
19:03 of 1st period - Stopped by Joe Cannata with a rebound.
19:12 of 1st period - Icing by Ryan Dzingel.
19:13 of 1st period - Corban Knight wins face-off versus Tommy Wingels in Senators zone.
19:50 of 1st period - Cameron Schilling is hit by Ryan Dzingel and loses puck.
19:59 of 1st period - Jeff Petry is hit by Ryan Bayda and loses puck.
Goals for this period are 0 for Senators vs 0 for Demolitions.
Shots for this period are 13 for Senators vs 8 for Demolitions.

2nd period


0:01 of 2nd period - Darren Helm wins face-off versus Tommy Wingels in neutral zone.
0:04 of 2nd period - Slapshot by Cameron Schilling.
0:04 of 2nd period - Stopped by Brad Thiessen without a rebound.
0:05 of 2nd period - Tommy Wingels wins face-off versus Darren Helm in Senators zone.
0:34 of 2nd period - Nicolas Blanchard is hit by Nick Bjugstad and loses puck.
0:58 of 2nd period - Minor Penalty to Corban Knight for Roughing.
0:59 of 2nd period - Tommy Wingels wins face-off versus Darren Helm in Demolitions zone.
1:12 of 2nd period - Snap shot by Jeff Petry.
1:12 of 2nd period - Stopped by Joe Cannata with a rebound.
1:14 of 2nd period - Snap shot by Tommy Wingels.
1:14 of 2nd period - Shot Misses the Net.
1:24 of 2nd period - Nick Bjugstad is hit by Erik Condra and loses puck.
2:08 of 2nd period - Chris Thorburn is hit by Jack Skille.
2:58 of 2nd period - Penalty to Corban Knight is over, Corban Knight is back on ice.
3:18 of 2nd period - Slapshot by Corban Knight.
3:18 of 2nd period - Deflect By Billy Sweat.
3:18 of 2nd period - Shot Blocked by Shane Sims.
3:18 of 2nd period - Puck is out of play.
3:19 of 2nd period - Zemgus Girgensons wins face-off versus Corban Knight in Senators zone.
3:19 of 2nd period - Zemgus Girgensons is hit by Corban Knight.
3:30 of 2nd period - Icing by Zemgus Girgensons.
3:31 of 2nd period - Zemgus Girgensons wins face-off versus Darren Helm in Senators zone.
3:31 of 2nd period - Zemgus Girgensons is hit by Ryan Bayda.
3:55 of 2nd period - Nicolas Deslauriers is hit by Jack Skille.
4:19 of 2nd period - Tommy Wingels is hit by Darren Helm and loses puck.
4:26 of 2nd period - Corban Knight is hit by Tommy Wingels and loses puck.
4:35 of 2nd period - Wrist shot by Billy Sweat.
4:35 of 2nd period - Shot Blocked by Patrick Wey.
4:37 of 2nd period - Wrist shot by Darren Helm.
4:37 of 2nd period - Shot Misses the Net.
6:13 of 2nd period - Martin Marincin is hit by Ryan Russell and loses puck.
6:40 of 2nd period - Wrist shot by Patrick Bordeleau.
6:40 of 2nd period - Stopped by Joe Cannata without a rebound.
6:41 of 2nd period - Zemgus Girgensons wins face-off versus Billy Sweat in Demolitions zone.
7:30 of 2nd period - Shane Sims is hit by Seth Helgeson and loses puck.
7:43 of 2nd period - Snap shot by Tomas Jurco.
7:43 of 2nd period - Stopped by Joe Cannata with a rebound.
7:45 of 2nd period - Snap shot by Shane Sims.
7:45 of 2nd period - Stopped by Joe Cannata with a rebound.
7:47 of 2nd period - Slapshot by Shane Sims.
7:47 of 2nd period - Stopped by Joe Cannata with a rebound.
7:49 of 2nd period - Wrist shot by Shane Sims.
7:49 of 2nd period - Deflect By Tomas Jurco.
7:49 of 2nd period - Shot Blocked by Andrew Campbell.
7:49 of 2nd period - Puck is out of play.
7:50 of 2nd period - Nicolas Blanchard wins face-off versus Tommy Wingels in Demolitions zone.
7:53 of 2nd period - Wrist shot by Chris Thorburn.
7:53 of 2nd period - Stopped by Joe Cannata with a rebound.
8:03 of 2nd period - Wrist shot by Nicolas Blanchard.
8:03 of 2nd period - Shot Misses the Net.
8:05 of 2nd period - Slapshot by Frazer Mclaren.
8:05 of 2nd period - Stopped by Brad Thiessen without a rebound.
8:06 of 2nd period - Nick Bjugstad wins face-off versus Darren Helm in Senators zone.
8:13 of 2nd period - Andrew Campbell is hit by Matt Frattin and loses puck.
8:32 of 2nd period - Nicolas Blanchard is hit by Patrick Wey and loses puck.
8:40 of 2nd period - Icing by Jack Skille.
8:41 of 2nd period - Tommy Wingels wins face-off versus Nicolas Blanchard in Demolitions zone.
8:42 of 2nd period - Snap shot by Chris Thorburn.
8:42 of 2nd period - Shot Blocked by Jack Skille.
8:47 of 2nd period - Off-side.
8:48 of 2nd period - Darren Helm wins face-off versus Tommy Wingels in neutral zone.
9:20 of 2nd period - Slapshot by Nicolas Blanchard.
9:20 of 2nd period - Shot Misses the Net.
9:22 of 2nd period - Snap shot by Frazer Mclaren.
9:22 of 2nd period - Deflect By Jack Skille.
9:22 of 2nd period - Stopped by Brad Thiessen with a rebound.
9:39 of 2nd period - Billy Sweat is hit by Shane Sims and loses puck.
10:04 of 2nd period - Nicolas Deslauriers is hit by Seth Helgeson and loses puck.
10:20 of 2nd period - Slapshot by Martin Marincin.
10:20 of 2nd period - Stopped by Joe Cannata with a rebound.
10:22 of 2nd period - Wrist shot by Patrick Bordeleau.
10:22 of 2nd period - Stopped by Joe Cannata without a rebound.
10:23 of 2nd period - Marc-André Bernier wins face-off versus Darren Helm in Demolitions zone.
10:30 of 2nd period - Snap shot by Marc-André Bernier.
10:30 of 2nd period - Stopped by Joe Cannata with a rebound.
10:32 of 2nd period - Snap shot by Logan Stephenson.
10:32 of 2nd period - Stopped by Joe Cannata with a rebound.
10:54 of 2nd period - Slapshot by Ryan Bayda.
10:54 of 2nd period - Stopped by Brad Thiessen without a rebound.
10:55 of 2nd period - Tommy Wingels wins face-off versus Nicolas Blanchard in Senators zone.
11:43 of 2nd period - Snap shot by Ryan Dzingel.
11:43 of 2nd period - Deflect By Tomas Jurco.
11:43 of 2nd period - Stopped by Joe Cannata with a rebound.
11:46 of 2nd period - Minor Penalty to Mike Sauer for High sticking.
11:47 of 2nd period - Tommy Wingels wins face-off versus Darren Helm in Demolitions zone.
12:13 of 2nd period - Gabriel Bourque is hit by Erik Condra and loses puck.
13:46 of 2nd period - Penalty to Mike Sauer is over, Mike Sauer is back on ice.
13:49 of 2nd period - Icing by Gabriel Landeskog.
13:50 of 2nd period - Nicolas Blanchard wins face-off versus Zemgus Girgensons in Senators zone.
13:52 of 2nd period - Minor Penalty to Nicolas Blanchard for Holding.
13:53 of 2nd period - Tommy Wingels wins face-off versus Darren Helm in Demolitions zone.
13:53 of 2nd period - Wrist shot by Chris Thorburn.
13:53 of 2nd period - Shot Misses the Net.
13:55 of 2nd period - Snap shot by Tommy Wingels.
13:55 of 2nd period - Shot Misses the Net.
14:03 of 2nd period - Snap shot by Gabriel Landeskog.
14:03 of 2nd period - Deflect By Chris Thorburn.
14:03 of 2nd period - Goal by Chris Thorburn - Senators : 1 - Demolitions : 0.
14:04 of 2nd period - Chris Thorburn wins face-off versus Darren Helm in neutral zone.
14:07 of 2nd period - Slapshot by Logan Stephenson.
14:07 of 2nd period - Shot Blocked by Ryan Bayda.
14:17 of 2nd period - Snap shot by Ryan Bayda.
14:17 of 2nd period - Shot Misses the Net.
14:19 of 2nd period - Slapshot by Cameron Schilling.
14:19 of 2nd period - Deflect By Chris Thorburn.
14:19 of 2nd period - Stopped by Brad Thiessen without a rebound.
14:20 of 2nd period - Nick Bjugstad wins face-off versus Darren Helm in Senators zone.
14:30 of 2nd period - Minor Penalty to Ryan Bayda for Tripping.
14:31 of 2nd period - Darren Helm wins face-off versus Tommy Wingels in Demolitions zone.
15:21 of 2nd period - Tommy Wingels is hit by Seth Helgeson and loses puck.
16:16 of 2nd period - Seth Helgeson is hit by Tommy Wingels and loses puck.
16:30 of 2nd period - Penalty to Ryan Bayda is over, Ryan Bayda is back on ice.
16:30 of 2nd period - Icing by Seth Helgeson.
16:31 of 2nd period - Nick Bjugstad wins face-off versus Darren Helm in Demolitions zone.
16:48 of 2nd period - Snap shot by Jack Skille.
16:48 of 2nd period - Stopped by Brad Thiessen with a rebound.
16:50 of 2nd period - Snap shot by Nicolas Blanchard.
16:50 of 2nd period - Shot Blocked by Nicolas Deslauriers.
16:52 of 2nd period - Snap shot by Nicolas Blanchard.
16:52 of 2nd period - Shot Misses the Net.
17:04 of 2nd period - Snap shot by Ryan Dzingel.
17:04 of 2nd period - Shot Blocked by Taylor Aronson.
17:06 of 2nd period - Slapshot by Nicolas Deslauriers.
17:06 of 2nd period - Shot Misses the Net.
17:08 of 2nd period - Slapshot by Nicolas Deslauriers.
17:08 of 2nd period - Deflect By Brandon McMillan.
17:08 of 2nd period - Stopped by Joe Cannata without a rebound.
17:09 of 2nd period - Shane Prince wins face-off versus Erik Condra in Demolitions zone.
17:10 of 2nd period - Wrist shot by Tomas Jurco.
17:10 of 2nd period - Shot Misses the Net.
17:22 of 2nd period - Ryan Dzingel is hit by Erik Condra and loses puck.
17:44 of 2nd period - Snap shot by Andrew Campbell.
17:44 of 2nd period - Shot Blocked by Logan Stephenson.
19:01 of 2nd period - Snap shot by Gabriel Landeskog.
19:01 of 2nd period - Goal by Gabriel Landeskog - Senators : 2 - Demolitions : 0.
19:02 of 2nd period - Darren Helm wins face-off versus Tommy Wingels in neutral zone.
19:27 of 2nd period - Shane Sims is hit by Frazer Mclaren and loses puck.
19:46 of 2nd period - Wrist shot by Nicolas Blanchard.
19:46 of 2nd period - Stopped by Brad Thiessen with a rebound.
19:50 of 2nd period - Wrist shot by Corban Knight.
19:50 of 2nd period - Shot Blocked by Marc-André Bernier.
19:52 of 2nd period - Snap shot by Billy Sweat.
19:52 of 2nd period - Shot Blocked by Dylan Blujus.
19:54 of 2nd period - Wrist shot by Billy Sweat.
19:54 of 2nd period - Stopped by Brad Thiessen without a rebound.
19:55 of 2nd period - Tommy Wingels wins face-off versus Darren Helm in Senators zone.
Goals for this period are 2 for Senators vs 0 for Demolitions.
Shots for this period are 14 for Senators vs 8 for Demolitions.

3rd period


0:01 of 3rd period - Tommy Wingels wins face-off versus Darren Helm in neutral zone.
0:11 of 3rd period - Minor Penalty to Ryan Bayda for High sticking.
0:12 of 3rd period - Tommy Wingels wins face-off versus Darren Helm in Demolitions zone.
0:55 of 3rd period - Logan Stephenson is hit by Erik Condra and loses puck.
1:02 of 3rd period - Snap shot by Jack Skille.
1:02 of 3rd period - Stopped by Brad Thiessen without a rebound.
1:03 of 3rd period - Tommy Wingels wins face-off versus Vince Rocco in Senators zone.
2:11 of 3rd period - Penalty to Ryan Bayda is over, Ryan Bayda is back on ice.
2:29 of 3rd period - Snap shot by Nicolas Blanchard.
2:29 of 3rd period - Goal by Nicolas Blanchard - Senators : 2 - Demolitions : 1.
2:30 of 3rd period - Tommy Wingels wins face-off versus Ryan Bayda in neutral zone.
2:40 of 3rd period - Minor Penalty to Chris Thorburn for Holding.
2:41 of 3rd period - Darren Helm wins face-off versus Gabriel Landeskog in Senators zone.
4:00 of 3rd period - Snap shot by Zemgus Girgensons.
4:00 of 3rd period - Shot Misses the Net.
4:40 of 3rd period - Penalty to Chris Thorburn is over, Chris Thorburn is back on ice.
4:48 of 3rd period - Icing by Jeff Petry.
4:49 of 3rd period - Tommy Wingels wins face-off versus Corban Knight in Senators zone.
4:49 of 3rd period - Tommy Wingels is hit by Corban Knight.
5:31 of 3rd period - Wrist shot by Matt Frattin.
5:31 of 3rd period - Stopped by Joe Cannata with a rebound.
6:16 of 3rd period - Patrick Wey is hit by Nicolas Blanchard and loses puck.
7:54 of 3rd period - Snap shot by Marc-André Bernier.
7:54 of 3rd period - Stopped by Joe Cannata with a rebound.
7:56 of 3rd period - Slapshot by Marc-André Bernier.
7:56 of 3rd period - Stopped by Joe Cannata without a rebound.
7:57 of 3rd period - Ryan Russell wins face-off versus Zemgus Girgensons in Demolitions zone.
8:18 of 3rd period - Slapshot by Logan Stephenson.
8:18 of 3rd period - Stopped by Joe Cannata without a rebound.
8:19 of 3rd period - Tommy Wingels wins face-off versus Corban Knight in Demolitions zone.
8:44 of 3rd period - Slapshot by Gabriel Landeskog.
8:44 of 3rd period - Stopped by Joe Cannata without a rebound.
8:45 of 3rd period - Nick Bjugstad wins face-off versus Nicolas Blanchard in Demolitions zone.
8:54 of 3rd period - Slapshot by Nick Bjugstad.
8:54 of 3rd period - Stopped by Joe Cannata without a rebound.
8:55 of 3rd period - Nick Bjugstad wins face-off versus Nicolas Blanchard in Demolitions zone.
8:56 of 3rd period - Snap shot by Gabriel Bourque.
8:56 of 3rd period - Goal by Gabriel Bourque - Senators : 3 - Demolitions : 1.
8:57 of 3rd period - Darren Helm wins face-off versus Tommy Wingels in neutral zone.
9:02 of 3rd period - Snap shot by Ryan Bayda.
9:02 of 3rd period - Shot Misses the Net.
9:10 of 3rd period - Backhand shot by Chris Thorburn.
9:10 of 3rd period - Shot Misses the Net.
9:12 of 3rd period - Wrist shot by Tommy Wingels.
9:12 of 3rd period - Shot Blocked by Cameron Schilling.
9:19 of 3rd period - Icing by Mike Sauer.
9:20 of 3rd period - Nicolas Blanchard wins face-off versus Nick Bjugstad in Demolitions zone.
10:31 of 3rd period - Snap shot by Darren Helm.
10:31 of 3rd period - Stopped by Brad Thiessen with a rebound.
10:33 of 3rd period - Snap shot by Taylor Aronson.
10:33 of 3rd period - Deflect By Erik Condra.
10:33 of 3rd period - Stopped by Brad Thiessen without a rebound.
10:34 of 3rd period - Nicolas Blanchard wins face-off versus Zemgus Girgensons in Senators zone.
10:49 of 3rd period - Snap shot by Jack Skille.
10:49 of 3rd period - Stopped by Brad Thiessen with a rebound.
11:21 of 3rd period - Icing by Brandon McMillan.
11:22 of 3rd period - Nicolas Blanchard wins face-off versus Matt Frattin in Demolitions zone.
11:37 of 3rd period - Snap shot by Jack Skille.
11:37 of 3rd period - Stopped by Brad Thiessen without a rebound.
11:38 of 3rd period - Tommy Wingels wins face-off versus Darren Helm in Senators zone.
11:40 of 3rd period - Minor Penalty to Tommy Wingels for Interference.
11:41 of 3rd period - Darren Helm wins face-off versus Gabriel Landeskog in Senators zone.
11:41 of 3rd period - Wrist shot by Ryan Bayda.
11:41 of 3rd period - Shot Blocked by Logan Stephenson.
11:43 of 3rd period - Snap shot by Erik Condra.
11:43 of 3rd period - Shot Misses the Net.
11:45 of 3rd period - Backhand shot by Darren Helm.
11:45 of 3rd period - Shot Misses the Net.
11:47 of 3rd period - Wrist shot by Erik Condra.
11:47 of 3rd period - Deflect By Patrick Wey.
11:47 of 3rd period - Shot Blocked by Logan Stephenson.
11:47 of 3rd period - Puck is out of play.
11:48 of 3rd period - Darren Helm wins face-off versus Gabriel Landeskog in Senators zone.
11:57 of 3rd period - Wrist shot by Erik Condra.
11:57 of 3rd period - Deflect By Darren Helm.
11:57 of 3rd period - Shot Blocked by Patrick Wey.
11:57 of 3rd period - Puck is out of play.
11:58 of 3rd period - Darren Helm wins face-off versus Gabriel Landeskog in Senators zone.
12:23 of 3rd period - Patrick Wey is hit by Frazer Mclaren and loses puck.
12:30 of 3rd period - Backhand shot by Jack Skille.
12:30 of 3rd period - Stopped by Brad Thiessen without a rebound.
12:31 of 3rd period - Darren Helm wins face-off versus Gabriel Landeskog in Senators zone.
12:42 of 3rd period - Snap shot by Darren Helm.
12:42 of 3rd period - Shot Blocked by Gabriel Landeskog.
12:44 of 3rd period - Slapshot by Ryan Bayda.
12:44 of 3rd period - Shot Misses the Net.
12:46 of 3rd period - Wrist shot by Ryan Bayda.
12:46 of 3rd period - Demolitions goal is going for a video replay.
12:46 of 3rd period - The goal is good.
12:46 of 3rd period - Goal by Ryan Bayda - Senators : 3 - Demolitions : 2.
12:47 of 3rd period - Chris Thorburn wins face-off versus Darren Helm in neutral zone.
12:58 of 3rd period - Snap shot by Gabriel Landeskog.
12:58 of 3rd period - Stopped by Joe Cannata without a rebound.
12:59 of 3rd period - Tommy Wingels wins face-off versus Darren Helm in Demolitions zone.
13:09 of 3rd period - Minor Penalty to Chris Thorburn for Interference.
13:10 of 3rd period - Darren Helm wins face-off versus Gabriel Landeskog in Senators zone.
13:12 of 3rd period - Slapshot by Darren Helm.
13:12 of 3rd period - Stopped by Brad Thiessen without a rebound.
13:13 of 3rd period - Darren Helm wins face-off versus Gabriel Landeskog in Senators zone.
15:02 of 3rd period - Cameron Schilling is hit by Shane Sims and loses puck.
15:09 of 3rd period - Penalty to Chris Thorburn is over, Chris Thorburn is back on ice.
15:17 of 3rd period - Frazer Mclaren is hit by Nick Bjugstad.
15:59 of 3rd period - Alex Hutchings is hit by Chris Thorburn.
16:11 of 3rd period - Minor Penalty to Ryan Olsen for Hooking.
16:12 of 3rd period - Gabriel Landeskog wins face-off versus Darren Helm in Demolitions zone.
16:37 of 3rd period - Gabriel Bourque is hit by Jack Skille and loses puck.
16:46 of 3rd period - Snap shot by Erik Condra.
16:46 of 3rd period - Shot Blocked by Patrick Wey.
17:59 of 3rd period - Icing by Logan Stephenson.
18:00 of 3rd period - Gabriel Landeskog wins face-off versus Erik Condra in Senators zone.
18:05 of 3rd period - Seth Helgeson is hit by Gabriel Landeskog and loses puck.
18:11 of 3rd period - Penalty to Ryan Olsen is over, Ryan Olsen is back on ice.
18:18 of 3rd period - Snap shot by Marc-André Bernier.
18:18 of 3rd period - Shot Misses the Net.
18:20 of 3rd period - Wrist shot by Marc-André Bernier.
18:20 of 3rd period - Stopped by Joe Cannata with a rebound.
18:38 of 3rd period - Jack Skille is hit by Shane Sims.
18:42 of 3rd period - Slapshot by Shane Sims.
18:42 of 3rd period - Shot Misses the Net.
18:44 of 3rd period - Wrist shot by Ryan Dzingel.
18:44 of 3rd period - Deflect By Seth Helgeson.
18:44 of 3rd period - Shot Misses the Net.
18:44 of 3rd period - Puck is out of play.
18:45 of 3rd period - Adams Oates call a timeout for Demolitions.
18:45 of 3rd period - Tommy Wingels wins face-off versus Darren Helm in Demolitions zone.
18:58 of 3rd period - Wrist shot by Gabriel Landeskog.
18:58 of 3rd period - Shot Misses the Net.
19:31 of 3rd period - Icing by Gabriel Landeskog.
19:32 of 3rd period - Tommy Wingels wins face-off versus Darren Helm in Senators zone.
19:57 of 3rd period - Demolitions, Joe Cannata is pulled from the net.
Goals for this period are 1 for Senators vs 2 for Demolitions.
Shots for this period are 9 for Senators vs 9 for Demolitions.